 Dungeon Crawl Stone Soup version 0.25.0-1-g7eea58d (webtiles) character file.

Game seed: 11975807957713443158

25 lyrin the Grave Robber (level 3, 0/19 HPs)
             Began as a Tengu Necromancer on June 16, 2020.
             Succumbed to a worker ant's poison
             ... on level 1 of the Dungeon.
             The game lasted 00:01:47 (1692 turns).

lyrin the Grave Robber (Tengu Necromancer)          Turns: 1692, Time: 00:01:47

Health: 0/19       AC:  5    Str:  9    XL:     3   Next: 4%
Magic:  7/7        EV: 11    Int: 15    God:
Gold:   24         SH:  0    Dex: 14    Spells: 5/6 levels left

rFire    . . .     SeeInvis .   b - +0 short sword
rCold    . . .     Gourm    .   (no shield)
rNeg     . . .     Faith    .   d - +0 ring mail
rPois    .         Spirit   .   (helmet restricted)
rElec    .         Reflect  .   (no cloak)
rCorr    .         Harm     .   (no gloves)
MR       .....                  (boots unavailable)
Stlth    +.........             (no amulet)
HPRegen  0.06/turn              (no ring)
MPRegen  0.10/turn              (no ring)

@: brilliant, lethally poisoned (0 -> -5), stab
A: beak, talons 3
a: no special abilities


You were on level 1 of the Dungeon.
You were not hungry.

You visited 1 branch of the dungeon, and saw 2 of its levels.

You collected 24 gold pieces.

Inventory:

Hand Weapons
 b - a +0 short sword (weapon)
Armour
 a - a +0 robe
 d - a +0 ring mail (worn)
Jewellery
 i - an uncursed ring of wizardry {unknown}
Scrolls
 e - a scroll of remove curse {unknown}
 g - a scroll of enchant weapon {unknown}
 h - a scroll of teleportation {unknown}
 l - a scroll of blinking {unknown}
 n - a scroll of noise {unknown}
Comestibles
 c - 2 rations
 f - 2 chunks of flesh


   Skills:
 + Level 0.1 Fighting
 * Level 2.1 Short Blades
 + Level 1.0 Armour
 + Level 2.5 Dodging
 - Level 2.0 Stealth
 - Level 2.0 Spellcasting
 - Level 4.3 Necromancy


You had 5 spell levels left.
You knew the following spells:

 Your Spells              Type           Power        Failure   Level  Hunger
a - Pain                  Necr           ###.         11%         1    None

Your spell library contained the following spells:

 Spells                   Type           Power        Failure   Level  Hunger
 Animate Skeleton         Necr           N/A          11%         1    None
 Vampiric Draining        Necr           ###.......   30%         3    None
 Animate Dead             Necr           N/A          71%         4    None
 Agony                    Necr           ###.....     96%         5    None


Dungeon Overview and Level Annotations

Branches:
Dungeon (2/15)

Altars:


Innate Abilities, Weirdness & Mutations

You have a beak for a mouth.
You have claws for feet.


Message History

You closely miss the worker ant.
The worker ant is heavily wounded.
You feel sick. The worker ant bites you.
You hit the worker ant.
The worker ant is severely wounded.
You feel sick.
The worker ant waves its antennae.
The worker ant bites you.
* * * LOW HITPOINT WARNING * * *
You hit the worker ant. You peck the worker ant.
The worker ant is almost dead.
The worker ant bites you.
* * * LOW HITPOINT WARNING * * *
It was a potion of brilliance.
You feel clever all of a sudden. The worker ant closely misses you.
You hit the worker ant but do no damage.
You peck the worker ant.
The worker ant is almost dead.
You die...

.........#.#...........#.#.#.#
#.
...###...#.#############.#.#.#
#. #.##
###.#...............#.#.###.
#.# #.########.########.......
#.# ### #.# ###..[.. #.# ##.#
###### #.##### #..# ......#
#######.## #.###.# #......@#
#.# #.# #.#####a#
#.###.####.#####.#
############
...............#.#
#........##.
#.###.####.###.#.#
#.##...#.##. ...##.# #.......#
#.##.(...... ......# #####.#.#
#.##...#.### ...#### #...#
#.###.##.# # #.## ##.##
#........#


You could see a worker ant.

Vanquished Creatures
  2 dart slugs (D:1)
  3 giant cockroaches (D:1)
  3 hobgoblins
  A quokka (D:2)
  8 bats (D:1)
  2 frilled lizards
  A goblin (D:1)
  A rat (D:1)
21 creatures vanquished.

Notes
Turn   | Place    | Note
-------+----------+-------------------------------------------
     0 | D:1      | lyrin the Tengu Necromancer began the quest for the Orb.
     0 | D:1      | Reached XP level 1. HP: 10/10 MP: 4/4
   293 | D:1      | Reached skill level 1 in Short Blades
   456 | D:1      | Reached XP level 2. HP: 15/15 MP: 6/6
  1415 | D:1      | Reached skill level 1 in Armour
  1415 | D:1      | Reached XP level 3. HP: 12/19 MP: 7/7
  1692 | D:1      | Succumbed to a worker ant's poison

Illustrated notes

Levels and vault maps discovered:
D:1:      matt_arrival_refuge, layout_loops_corners
D:2:      layout_rooms, first_ration

Skill      XL: |  1  2 |
---------------+-------+-----
Short Blades   | 1 2 |  2.1
Armour         | 1 |  1.0
Fighting       | |  0.1
Dodging        | |  2.5
Stealth        | |  2.0
Spellcasting   | |  2.0
Necromancy     | |  4.3

Action                   || total
-------------------------++-------
Melee: Short sword       ||    77
       Kick              ||    14
       Peck              ||     9
  Use: Potion            ||     3
 Stab: Sleeping          ||     1
  Eat: Chunk             ||     2
Armor: Ring mail         ||    44
Dodge: Dodged            ||    59
